 Dungeon Crawl Stone Soup version 0.30-a0-272-gf98c3da03f (webtiles) character file.

Game seed: 13304132878828903249

62002 qw the Severer (level 15, -2/96 HPs)
             Began as a Gargoyle Fighter on Oct 15, 2022.
             Was a High Priest of Okawaru.
             Killed by divine providence
             ... invoked by a meliai
              (14 damage)
             ... while paralysed by a meliai
             ... on level 14 of the Dungeon.
             The game lasted 00:08:52 (20217 turns).

qw the Severer (Gargoyle Fighter)                  Turns: 20217, Time: 00:08:52

Health: -2/96      AC: 44    Str: 24    XL:     15   Next: 4%
Magic:  22/22      EV:  2    Int: 10    God:    Okawaru [*****.]
Gold:   1088       SH:  0    Dex:  9    Spells: 14/14 levels left

rFire   + + .      SeeInvis .    Y - +4 war axe (freeze)
rCold   + . .      Faith    .    c - +0 buckler
rNeg    + . .      Spirit   .    u - +1 plate armour of the Yeti {*Slow rElec rF+++ Str-2}
rPois   inf        Reflect  +    h - +1 helmet
rElec   +          Harm     .    (no cloak)
rCorr   .          Rampage  .    y - +2 pair of gloves
Will    +....                    j - +2 pair of boots
Stlth   ..........               m - amulet of reflection
HPRegen 0.36/turn                p - +4 ring of protection
MPRegen 0.18/turn                n - ring of ice

@: paralysed, about to teleport, heroic, flying
A: sickness immunity, AC +11, big wings, negative energy resistance 1,
electricity resistance, torment resistance 1, petrification resistance
a: Renounce Religion, Heroism, Finesse, Duel


You were on level 14 of the Dungeon.
You worshipped Okawaru.
Okawaru was extremely pleased with you.
You visited 3 branches of the dungeon, and saw 20 of its levels.
You also visited: Ossuary.

You collected 2453 gold pieces.
You spent 1365 gold pieces at shops.


Innate Abilities, Weirdness & Mutations

You are immune to sickness and miasma.
Your stone body is resilient. (AC +11)
You are immune to poison.
Your large and strong wings let you fly.
You resist negative energy. (rN+)
You are resistant to electric shocks. (rElec)
You are resistant to unholy torment.
You are immune to petrification.


   Skills:
 - Level 12.1(17.1) Fighting
 - Level 16.0(21.0) Axes
 - Level 5.0(10.0) Throwing
 - Level 12.0(17.0) Armour
 + Level 2.9(7.9) Dodging
 - Level 8.0(13.0) Shields
 - Level 10.0 Invocations


You had 14 spell levels left.
You didn't know any spells.
Your spell library was empty.

Inventory:

Hand Weapons
 b - a +0 morningstar of protection
 Y - a +4 war axe of freezing (weapon)
Missiles
 l - 13 boomerangs (quivered)
Armour
 c - a +0 buckler (worn)
 h - a +1 helmet (worn)
 j - a +2 pair of boots (worn)
 r - +0 shadow dragon scales
 u - the +1 plate armour of the Yeti (worn) {*Slow rElec rF+++ Str-2}
   (You bought it in a shop on level 9 of the Dungeon)

   Str:       It affects your strength (-2).
   rF:        It renders you almost immune to fire.
   rElec:     It insulates you from electricity.
   *Slow:     It may slow you when you take damage.
 y - a +2 pair of gloves (worn)
Jewellery
 i - a ring of fire
 m - an amulet of reflection (around neck)
 n - a ring of ice (right hand)
 p - a +4 ring of protection (left hand)
 s - a ring of protection from fire
Scrolls
 g - 11 scrolls of teleportation
 k - 9 scrolls of identify
Potions
 a - a potion of cancellation
 d - 6 potions of might
 e - a potion of attraction
 f - 4 potions of resistance
 o - a potion of heal wounds
 q - 4 potions of lignification
 t - 10 potions of curing
 v - a potion of magic
 w - a potion of haste

Dungeon Overview and Level Annotations

Branches:
Dungeon (14/15)            Temple (1/1) D:7            Lair (5/5) D:8
 Shoals (0/4) Lair:3       Spider (0/4) Lair:3        Slime (0/5) Lair:4
    Orc (0/2) D:12        Ossuary (visited)
 Vaults: D:13-14

Altars:
Ashenzari
Cheibriados
Dithmenos
Elyvilon
Fedhas
Gozag
Hepliaklqana
Kikubaaqudgha
Makhleb
Nemelex Xobeh
Okawaru
Qazlal
Ru
Sif Muna
Trog
Uskayaw
Vehumet
Wu Jian
Xom
Yredelemnul
Zin
The Shining One

Shops:
D:6 ?   D:9 *   D:12 (

Portals:
Trove: D:12 (give +5 ice dragon scales)

Annotations:
Lair:1 3 runed translucent doors, qwqw's ghost, journeyman DsFi


Message History

You slice the meliai!! You freeze the meliai.
You kill the meliai!
Okawaru accepts your kill.
The boulder beetle curls into a ball and begins rolling!
20212 ||| Stepping ~*~*~tactically~*~*~ (hiding).
The meliai zaps a wand.
You resist with almost no effort. The meliai hits you but does no damage.
The meliai stings you but does no damage.
You block the meliai's attack.
The meliai stings you but does no damage.
Things that are here:
a javelin; a vampire mosquito corpse You slash the meliai!
You freeze the meliai.
The meliai is heavily wounded.
The meliai hits you but does no damage. You block the meliai's attack.
A fire elemental comes into view.
You slash the boulder beetle! You freeze the boulder beetle.
You kill the boulder beetle!
Okawaru accepts your kill.
You barely miss the meliai. You slash the meliai! You freeze the meliai.
The meliai zaps a wand.
You resist with almost no effort.
The meliai mumbles some strange prayers to its god against you.
Something smites you!
20216 ||| READING 12 scrolls of teleportation.
As you read the scroll of teleportation, it crumbles to dust.
You feel strangely unstable. You block the meliai's attack.
The meliai stings you but does no damage.
The meliai zaps a wand.
You suddenly lose the ability to move!
The meliai hits you but does no damage.
The meliai stings you but does no damage.
The meliai zaps a wand.
You resist with almost no effort.
The now-empty wand crumbles to dust.
The meliai hits you with a +0 hand axe.
The meliai stings you but does no damage.
The meliai hits you with a +0 war axe.
The meliai stings you but does no damage.
The meliai calls down the wrath of its god upon you.
Something smites you!
You die...

.......~~~~~..........)# .....
.......~~~~~....###....###.....
........~~~.....# #............
................###............
...............................
......................>...(###.
.....................>.>...#
...............)...........#
...............y@%...........
........ ......y###..(..(.....
....... ~~..... #...........(
#... ~~~.... #....###..... ##
~(~.... ....# ~~~.E.. ..#
~~..0.. ....0..


You could see a fire elemental and 2 meliai.

Vanquished Creatures
  Jorgrun (D:13)
  Azrael (D:14)
  Fannar (Lair:3)
  Harold (Lair:2)
  7 hydras
  3 catoblepae (Lair:5)
  Erica (Lair:1)
  3 two-headed ogres
  3 centaur warriors
  7 death yaks (Lair:5)
  Urug (D:11)
  3 boulder beetles
  Sonja (D:13)
  Lodul (D:11)
  An orb spider (Lair:3)
  A deep elf pyromancer (D:14)
  An ugly thing (D:13)
  3 manticores
  A cyclops (D:12)
  3 elephants (Lair:5)
  5 black mambas
  A torpor snail (Lair:2)
  3 gargoyles
  An unseen horror (D:12)
  Psyche (D:11)
  8 cane toads
  10 komodo dragons
  2 rime drakes
  2 kobold demonologists
  4 trolls
  A meliai (D:14)
  3 polar bears
  2 wind drakes
  A hornet (D:6)
  5 slime creatures (D:12)
  2 wraiths
  4 fire elementals (D:14)
  A water elemental (D:14)
  3 wyverns
  Eustachio (D:5)
  4 basilisks
  73 yaks
  3 fire bats (Lair:2)
  12 vampire mosquitoes
  5 steam dragons
  Menkaure (D:6)
  2 acid dragons (D:10)
  A hell hound (D:14)
  18 water moccasins
  9 orc warriors
  3 black bears
  5 sky beasts
  9 ogres
  4 centaurs
  11 wolves (Lair:2)
  3 phantoms (D:7)
  6 kobold brigands
  10 bullfrogs
  4 scorpions
  A necrophage (D:4)
  A gnoll sergeant (D:6)
  3 water moccasin zombies (Ossuary)
  16 wights
  7 killer bees
  9 electric eels
  5 howler monkeys
  3 centaur zombies (Ossuary)
  4 orc priests
  2 hounds
  2 jellies
  Ijyb (D:5)
  4 orc wizards
  6 iguanas
  2 ogre zombies (Ossuary)
  12 gnolls
  8 adders
  A shadow imp (D:5)
  4 white imps
  3 ufetubi (D:6)
  4 adder zombies (Ossuary)
  4 worms
  2 dart slugs (D:1)
  61 orcs
  5 ball pythons
  8 endoplasms
  A giant cockroach (D:2)
  4 gnoll zombies (Ossuary)
  14 goblins
  8 hobgoblins
  4 jackals (D:4)
  23 kobolds
  2 quokkas (D:4)
  8 bats
  4 frilled lizards
  4 goblin zombies (Ossuary)
  3 hobgoblin zombies (Ossuary)
  4 orc zombies (Ossuary)
  4 rats
548 creatures vanquished.

Vanquished Creatures (others)
  2 bushes (D:8)
  13 fungi
  47 plants
62 creatures vanquished.

Grand Total: 610 creatures vanquished

Notes
Turn   | Place    | Note
-------+----------+-------------------------------------------
     0 | D:1      | qw the Gargoyle Fighter began the quest for the Orb.
     0 | D:1      | Reached XP level 1. HP: 14/14 MP: 1/1
     0 | D:1      | 0 ||| qw: Version: 0.2-a-19-gadd0ef8
     0 | D:1      | 0 ||| qw: Game counter: 10
     0 | D:1      | 0 ||| qw: Always use a shield: true
     0 | D:1      | 0 ||| qw: God list: Okawaru
     0 | D:1      | 0 ||| qw: Allow faded altars: false
     0 | D:1      | 0 ||| qw: Do Orc after D:15 true
     0 | D:1      | 0 ||| qw: Do second Lair branch before Depths: true
     0 | D:1      | 0 ||| qw: Lair rune preference: random
     0 | D:1      | 0 ||| qw: Plans: Normal, Zot:1-4, God:TSO, Crypt, Tomb,
                  | Pan, Slime:5, Hells, Abyss, Orb
     0 | D:1      | 0 ||| PLANNING D:1-11
    78 | D:1      | Reached skill level 2 in Axes
   188 | D:1      | Reached XP level 2. HP: 18/19 MP: 2/2
   457 | D:1      | 457 ||| Stepping ~*~*~tactically~*~*~ (hiding).
   655 | D:1      | Reached skill level 3 in Axes
   895 | D:1      | 895 ||| UPGRADING to amulet of regeneration.
   900 | D:1      | 900 ||| READING scroll labelled UBROKH HOUH.
   901 | D:1      | 901 ||| READING scroll labelled ORODE TOAMO.
   902 | D:1      | 902 ||| READING scroll labelled BYUSOFRODURCH.
   906 | D:1      | 906 ||| READING scroll labelled PASTOO PUEFFO.
   933 | D:2      | 933 ||| Stepping ~*~*~tactically~*~*~ (stealth).
   935 | D:2      | 935 ||| Stepping ~*~*~tactically~*~*~ (stealth).
   938 | D:2      | 938 ||| Stepping ~*~*~tactically~*~*~ (stealth).
   952 | D:2      | Reached XP level 3. HP: 23/23 MP: 3/3
   989 | D:2      | 989 ||| Stepping ~*~*~tactically~*~*~ (stealth).
   991 | D:2      | 991 ||| Stepping ~*~*~tactically~*~*~ (stealth).
  1008 | D:2      | 1008 ||| Stepping ~*~*~tactically~*~*~ (stealth).
  1020 | D:2      | 1020 ||| Stepping ~*~*~tactically~*~*~ (stealth).
  1023 | D:2      | 1023 ||| Stepping ~*~*~tactically~*~*~ (stealth).
  1037 | D:2      | 1037 ||| Stepping ~*~*~tactically~*~*~ (stealth).
  1334 | D:2      | 1334 ||| DROPPING ring of wizardry.
  1335 | D:2      | 1335 ||| READING 3 scrolls labelled OCURIM YFELLU.
  1336 | D:2      | 1336 ||| READING scroll labelled WOECAT COSUIR.
  1337 | D:2      | 1337 ||| DRINKING 2 blue potions.
  1338 | D:2      | 1338 ||| DROPPING potion of invisibility.
  1339 | D:2      | 1339 ||| DROPPING 2 scrolls of blinking.
  1357 | D:3      | 1357 ||| Stepping ~*~*~tactically~*~*~ (stealth).
  1364 | D:3      | Reached XP level 4. HP: 27/28 MP: 4/4
  1441 | D:3      | Reached skill level 4 in Axes
  1581 | D:3      | 1581 ||| READING scroll of enchant weapon.
  1581 | D:3      | 1581 ||| ENCHANTING +1 war axe.
  2066 | D:3      | 2066 ||| UPGRADING to +2 pair of boots.
  2071 | D:3      | 2071 ||| UPGRADING to +0 chain mail.
  2081 | D:3      | 2081 ||| DROPPING +0 scale mail.
  2082 | D:3      | 2082 ||| DRINKING 4 purple potions.
  2083 | D:3      | 2083 ||| DROPPING 3 potions of degeneration.
  2090 | D:4      | 2090 ||| STAIRDANCE
  2096 | D:4      | 2096 ||| STAIRDANCE
  2103 | D:4      | 2103 ||| STAIRDANCE
  2111 | D:4      | 2111 ||| STAIRDANCE
  2117 | D:3      | 2117 ||| DROPPING +0 club.
  2181 | D:4      | Found a radiant altar of Vehumet.
  2182 | D:4      | 2182 ||| Stepping ~*~*~tactically~*~*~ (hiding).
  2184 | D:4      | 2184 ||| Stepping ~*~*~tactically~*~*~ (hiding).
  2186 | D:4      | 2186 ||| Stepping ~*~*~tactically~*~*~ (hiding).
  2187 | D:4      | 2187 ||| Stepping ~*~*~tactically~*~*~ (hiding).
  2331 | D:4      | 2331 ||| Stepping ~*~*~tactically~*~*~ (stealth).
  2332 | D:4      | 2332 ||| Stepping ~*~*~tactically~*~*~ (stealth).
  2383 | D:4      | Noticed a necrophage
  2386 | D:4      | Reached XP level 5. HP: 32/32 MP: 5/5
  2399 | D:4      | Reached skill level 5 in Axes
  2461 | D:4      | 2461 ||| Stepping ~*~*~tactically~*~*~ (stealth).
  2463 | D:4      | 2463 ||| Stepping ~*~*~tactically~*~*~ (stealth).
  2468 | D:4      | 2468 ||| Stepping ~*~*~tactically~*~*~ (stealth).
  2486 | D:4      | Reached XP level 6. HP: 12/38 MP: 6/6
  2829 | D:4      | 2829 ||| Stepping ~*~*~tactically~*~*~ (stealth).
  2834 | D:4      | 2834 ||| Stepping ~*~*~tactically~*~*~ (stealth).
  3271 | D:4      | 3271 ||| UPGRADING to +0 plate armour.
  3281 | D:4      | 3281 ||| DROPPING +0 chain mail.
  3282 | D:4      | 3282 ||| UPGRADING to amulet of reflection.
  3292 | D:4      | 3292 ||| DROPPING amulet of regeneration.
  3293 | D:4      | 3293 ||| UPGRADING to +4 ring of protection.
  3294 | D:4      | 3294 ||| READING scroll labelled GEMIRU OTESSI.
  3295 | D:4      | 3295 ||| READING scroll labelled VANONA DOXUD.
  3296 | D:4      | 3296 ||| READING scroll labelled NESHOUXOME.
  3297 | D:4      | 3297 ||| READING scroll labelled FADOOM MAOQUIQ.
  3298 | D:4      | 3298 ||| DRINKING 2 bubbling golden potions.
  3299 | D:4      | 3299 ||| DROPPING potion of flight.
  3334 | D:5      | Entered Level 5 of the Dungeon
  3413 | D:5      | Reached skill level 6 in Axes
  3425 | D:5      | 3425 ||| DROPPING +2 whip of draining.
  3441 | D:5      | 3441 ||| Stepping ~*~*~tactically~*~*~ (hiding).
  3667 | D:5      | Reached XP level 7. HP: 43/43 MP: 7/7
  4076 | D:5      | Noticed Ijyb
  4077 | D:5      | 4077 ||| Stepping ~*~*~tactically~*~*~ (hiding).
  4090 | D:5      | Killed Ijyb
  4213 | D:5      | Noticed Eustachio
  4214 | D:5      | 4214 ||| FLEEEEING.
  4215 | D:5      | 4215 ||| FLEEEEING.
  4335 | D:5      | Killed Eustachio
  4336 | D:5      | Reached skill level 7 in Axes
  4429 | D:5      | Reached XP level 8. HP: 48/48 MP: 8/8
  4547 | D:5      | 4547 ||| DRINKING 2 clear potions.
  4548 | D:5      | 4548 ||| DRINKING 2 silvery potions.
  4653 | D:5      | 4653 ||| READING 2 scrolls of identify.
  4653 | D:5      | 4653 ||| IDENTIFYING lumpy orange potion
  4654 | D:5      | 4654 ||| DROPPING potion of brilliance.
  4655 | D:5      | 4655 ||| DROPPING potion of berserk rage.
  4656 | D:5      | 4656 ||| DROPPING potion of ambrosia.
  4715 | D:6      | Found a glowing golden altar of the Shining One.
  4716 | D:6      | 4716 ||| PLANNING OSSUARY
  4738 | D:6      | Found a sand-covered staircase.
  4746 | Ossuary  | Entered an ossuary
  4801 | Ossuary  | Reached skill level 1 in Dodging
  4947 | Ossuary  | Reached skill level 8 in Axes
  4981 | Ossuary  | Reached skill level 6 in Fighting
  4987 | Ossuary  | Noticed a silent spectre
  5014 | Ossuary  | 5014 ||| DRINKING 4 bubbling red potions.
  5020 | D:6      | 5020 ||| PLANNING D:1-11
  5060 | D:6      | Found Ceogal's Magic Scroll Emporium.
  5065 | D:6      | 5065 ||| BUYING scroll of teleportation (39 gold).
  5065 | D:6      | Bought a scroll of teleportation for 39 gold pieces
  5162 | D:6      | 5162 ||| Stepping ~*~*~tactically~*~*~ (hiding).
  5324 | D:6      | Noticed Menkaure
  5330 | D:6      | Killed Menkaure
  5331 | D:6      | Reached XP level 9. HP: 32/55 MP: 9/9
  5463 | D:6      | Found a shadowy altar of Dithmenos.
  5574 | D:6      | 5574 ||| Stepping ~*~*~tactically~*~*~ (hiding).
  5577 | D:6      | 5577 ||| Stepping ~*~*~tactically~*~*~ (hiding).
  5591 | D:6      | Reached skill level 9 in Axes
  5689 | D:6      | 5689 ||| Stepping ~*~*~tactically~*~*~ (hiding).
  5690 | D:6      | 5690 ||| Stepping ~*~*~tactically~*~*~ (hiding).
  5691 | D:6      | 5691 ||| Stepping ~*~*~tactically~*~*~ (hiding).
  5858 | D:6      | Noticed a hornet
  5859 | D:6      | 5859 ||| Stepping ~*~*~tactically~*~*~ (stealth).
  5861 | D:6      | 5861 ||| Stepping ~*~*~tactically~*~*~ (hiding).
  5875 | D:6      | Killed a hornet
  5984 | D:6      | 5984 ||| Stepping ~*~*~tactically~*~*~ (stealth).
  5988 | D:6      | 5988 ||| Stepping ~*~*~tactically~*~*~ (stealth).
  6093 | D:6      | 6093 ||| READING scroll labelled CIR ZEIFIQUNOQ.
  6094 | D:6      | 6094 ||| READING scroll labelled AKKAIXKELE.
  6095 | D:6      | 6095 ||| READING scroll labelled FUASTR IROYGHUCA.
  6096 | D:6      | 6096 ||| DRINKING 3 ruby potions.
  6097 | D:6      | 6097 ||| READING 4 scrolls of identify.
  6097 | D:6      | 6097 ||| IDENTIFYING glowing amethyst potion
  6141 | D:7      | Reached skill level 1 in Throwing
  6147 | D:7      | 6147 ||| READING scroll of enchant armour.
  6147 | D:7      | 6147 ||| ENCHANTING +0 plate armour.
  6150 | D:7      | 6150 ||| Stepping ~*~*~tactically~*~*~ (stealth).
  6153 | D:7      | 6153 ||| Stepping ~*~*~tactically~*~*~ (hiding).
  6154 | D:7      | 6154 ||| Stepping ~*~*~tactically~*~*~ (hiding).
  6165 | D:7      | Reached skill level 6 in Armour
  6268 | D:7      | 6268 ||| DROPPING +0 flail.
  6354 | D:7      | Found a staircase to the Ecumenical Temple.
  6388 | D:7      | 6388 ||| PLANNING TEMPLE
  6393 | Temple   | Entered the Ecumenical Temple
  6393 | Temple   | Found a transporter.
  6393 | Temple   | Found a transporter.
  6395 | Temple   | Found a transporter.
  6395 | Temple   | Found a transporter.
  6405 | Temple   | 6405 ||| PLANNING D:1-11
  6466 | Temple   | 6466 ||| PLANNING OKAWARU WORSHIP
  6470 | Temple   | Became a worshipper of Warmaster Okawaru
  6471 | Temple   | 6471 ||| PLANNING D:1-11
  6515 | D:7      | Reached skill level 10 in Axes
  6517 | D:7      | 6517 ||| Stepping ~*~*~tactically~*~*~ (stealth).
  6519 | D:7      | 6519 ||| Stepping ~*~*~tactically~*~*~ (hiding).
  6566 | D:7      | Reached XP level 10. HP: 63/63 MP: 10/10
  6774 | D:7      | Reached * piety under Okawaru
  7041 | D:7      | 7041 ||| DRINKING 2 orange potions.
  7066 | D:8      | 7066 ||| INVOKING Heroism.
  7075 | D:8      | 7075 ||| Stepping ~*~*~tactically~*~*~ (cloud).
  7078 | D:8      | 7078 ||| FLEEEEING.
  7079 | D:8      | 7079 ||| FLEEEEING.
  7080 | D:8      | 7080 ||| FLEEEEING.
  7081 | D:8      | 7081 ||| FLEEEEING.
  7082 | D:8      | 7082 ||| FLEEEEING.
  7083 | D:8      | 7083 ||| FLEEEEING.
  7084 | D:8      | 7084 ||| STAIRDANCE
  7184 | D:8      | 7184 ||| INVOKING Heroism.
  7202 | D:8      | Noticed a two-headed ogre
  7214 | D:8      | Killed a two-headed ogre
  7224 | D:8      | 7224 ||| FLEEEEING.
  7225 | D:8      | 7225 ||| FLEEEEING.
  7226 | D:8      | 7226 ||| FLEEEEING.
  7227 | D:8      | 7227 ||| FLEEEEING.
  7228 | D:8      | 7228 ||| FLEEEEING.
  7230 | D:8      | 7230 ||| FLEEEEING.
  7231 | D:8      | 7231 ||| FLEEEEING.
  7232 | D:8      | 7232 ||| FLEEEEING.
  7233 | D:8      | 7233 ||| STAIRDANCE
  7296 | D:8      | 7296 ||| Stepping ~*~*~tactically~*~*~ (stealth).
  7299 | D:8      | 7299 ||| Stepping ~*~*~tactically~*~*~ (hiding).
  7302 | D:8      | 7302 ||| Stepping ~*~*~tactically~*~*~ (stealth).
  7307 | D:8      | 7307 ||| INVOKING Heroism.
  7311 | D:8      | Reached skill level 1 in Invocations
  7335 | D:8      | 7335 ||| Stepping ~*~*~tactically~*~*~ (stealth).
  7376 | D:8      | 7376 ||| INVOKING Heroism.
  7491 | D:8      | 7491 ||| INVOKING Heroism.
  7492 | D:8      | 7492 ||| Stepping ~*~*~tactically~*~*~ (stealth).
  7498 | D:8      | Reached skill level 3 in Invocations
  7500 | D:8      | Reached ** piety under Okawaru
  7503 | D:8      | Reached skill level 11 in Axes
  7527 | D:8      | 7527 ||| INVOKING Heroism.
  7616 | D:8      | Found a staircase to the Lair.
  7736 | D:8      | 7736 ||| READING scroll of enchant weapon.
  7736 | D:8      | 7736 ||| ENCHANTING +2 war axe.
  8133 | D:8      | 8133 ||| PLANNING LAIR
  8133 | D:8      | 8133 ||| UPGRADING to +0 helmet.
  8150 | Lair:1   | Entered Level 1 of the Lair of Beasts
  8192 | Lair:1   | 8192 ||| INVOKING Heroism.
  8196 | Lair:1   | Reached XP level 11. HP: 54/69 MP: 11/14
  8204 | Lair:1   | Reached skill level 9 in Fighting
  8212 | Lair:1   | 8212 ||| INVOKING Heroism.
  8214 | Lair:1   | Reached *** piety under Okawaru
  8292 | Lair:1   | 8292 ||| Stepping ~*~*~tactically~*~*~ (stealth).
  8293 | Lair:1   | 8293 ||| INVOKING Heroism.
  8361 | Lair:1   | 8361 ||| INVOKING Heroism.
  8426 | Lair:1   | Found a runed translucent gate.
  8426 | Lair:1   | Noticed Erica
  8427 | Lair:1   | 8427 ||| Stepping ~*~*~tactically~*~*~ (hiding).
  8429 | Lair:1   | 8429 ||| INVOKING Heroism.
  8440 | Lair:1   | Killed Erica
  8446 | Lair:1   | Found a runed translucent gate.
  8539 | Lair:1   | Noticed Harold
  8604 | Lair:1   | 8604 ||| INVOKING Heroism.
  8643 | Lair:1   | Found a runed translucent gate.
  8644 | Lair:1   | Noticed qwqw's ghost (journeyman DsFi)
  8950 | Lair:1   | 8950 ||| INVOKING Heroism.
  9107 | Lair:1   | 9107 ||| READING 6 scrolls of identify.
  9107 | Lair:1   | 9107 ||| IDENTIFYING green potion
  9120 | Lair:2   | 9120 ||| INVOKING Heroism.
  9133 | Lair:2   | Reached **** piety under Okawaru
  9134 | Lair:2   | Reached skill level 12 in Axes
  9146 | Lair:2   | Killed Harold
  9147 | Lair:2   | HP: 14/71 [yak (8)]
  9148 | Lair:2   | 9148 ||| READING 9 scrolls of teleportation.
  9149 | Lair:2   | 9149 ||| DRINKING 2 potions of heal wounds.
  9150 | Lair:2   | Reached ***** piety under Okawaru
  9151 | Lair:2   | Reached skill level 6 in Shields
  9151 | Lair:2   | 9151 ||| INVOKING Heroism.
  9153 | Lair:2   | Reached skill level 6 in Invocations
  9306 | Lair:2   | Noticed a five-headed hydra
  9307 | Lair:2   | 9307 ||| INVOKING Heroism.
  9308 | Lair:2   | 9308 ||| SWAPPING to +0 morningstar of protection.
  9309 | Lair:2   | 9309 ||| INVOKING Finesse.
  9319 | Lair:2   | Killed a five-headed hydra
  9320 | Lair:2   | 9320 ||| SWAPPING to +3 war axe.
  9421 | Lair:2   | Noticed a four-headed hydra
  9422 | Lair:2   | 9422 ||| INVOKING Heroism.
  9423 | Lair:2   | 9423 ||| INVOKING Finesse.
  9426 | Lair:2   | 9426 ||| SWAPPING to +0 morningstar of protection.
  9444 | Lair:2   | Killed a four-headed hydra
  9445 | Lair:2   | Reached skill level 9 in Armour
  9445 | Lair:2   | Reached XP level 12. HP: 67/76 MP: 10/17
  9445 | Lair:2   | 9445 ||| SWAPPING to +3 war axe.
  9671 | Lair:2   | 9671 ||| Stepping ~*~*~tactically~*~*~ (stealth).
  9672 | Lair:2   | 9672 ||| Stepping ~*~*~tactically~*~*~ (stealth).
  9685 | Lair:2   | Received a gift from Okawaru
  9825 | Lair:2   | 9825 ||| INVOKING Heroism.
  9954 | Lair:2   | 9954 ||| INVOKING Heroism.
 10004 | Lair:2   | 10004 ||| Stepping ~*~*~tactically~*~*~ (stealth).
 10014 | Lair:2   | 10014 ||| INVOKING Heroism.
 10213 | Lair:2   | 10213 ||| UPGRADING to +0 shadow dragon scales.
 10223 | Lair:2   | 10223 ||| DROPPING +1 plate armour.
 10292 | Lair:3   | 10292 ||| INVOKING Heroism.
 10362 | Lair:3   | 10362 ||| INVOKING Heroism.
 10531 | Lair:3   | Noticed a six-headed hydra
 10532 | Lair:3   | 10532 ||| INVOKING Heroism.
 10533 | Lair:3   | 10533 ||| INVOKING Finesse.
 10538 | Lair:3   | 10538 ||| SWAPPING to +0 morningstar of protection.
 10545 | Lair:3   | Killed a six-headed hydra
 10546 | Lair:3   | Reached skill level 9 in Invocations
 10546 | Lair:3   | 10546 ||| SWAPPING to +3 war axe.
 10560 | Lair:3   | 10560 ||| Stepping ~*~*~tactically~*~*~ (stealth).
 10562 | Lair:3   | 10562 ||| Stepping ~*~*~tactically~*~*~ (stealth).
 10563 | Lair:3   | 10563 ||| Stepping ~*~*~tactically~*~*~ (stealth).
 10864 | Lair:3   | Found a hole to the Spider Nest.
 10865 | Lair:3   | 10865 ||| INVOKING Finesse.
 10876 | Lair:3   | 10876 ||| DROPPING ring of flight.
 10877 | Lair:3   | 10877 ||| Stepping randomly (stuck).
 10878 | Lair:3   | 10878 ||| Stepping randomly (stuck).
 10879 | Lair:3   | 10879 ||| Stepping randomly (stuck).
 11002 | Lair:3   | 11002 ||| INVOKING Finesse.
 11015 | Lair:3   | 11015 ||| INVOKING Heroism.
 11153 | Lair:3   | 11153 ||| SWAPPING to +1 war axe of freezing.
 11154 | Lair:3   | 11154 ||| DROPPING +3 war axe.
 11198 | Lair:3   | 11198 ||| Stepping ~*~*~tactically~*~*~ (stealth).
 11200 | Lair:3   | 11200 ||| Stepping ~*~*~tactically~*~*~ (stealth).
 11213 | Lair:3   | 11213 ||| Stepping ~*~*~tactically~*~*~ (stealth).
 11214 | Lair:3   | Noticed Fannar
 11215 | Lair:3   | 11215 ||| Stepping ~*~*~tactically~*~*~ (hiding).
 11228 | Lair:3   | 11228 ||| INVOKING Heroism.
 11234 | Lair:3   | Killed Fannar
 11241 | Lair:3   | HP: 6/77 [wind drake/the air (14)]
 11242 | Lair:3   | 11242 ||| READING 11 scrolls of teleportation.
 11243 | Lair:3   | 11243 ||| DRINKING 2 potions of heal wounds.
 11249 | Lair:3   | Received a gift from Okawaru
 11467 | Lair:3   | Found a staircase to the Shoals.
 11625 | Lair:3   | 11625 ||| Stepping ~*~*~tactically~*~*~ (stealth).
 11626 | Lair:3   | 11626 ||| Stepping ~*~*~tactically~*~*~ (stealth).
 11628 | Lair:3   | 11628 ||| INVOKING Heroism.
 11640 | Lair:3   | Reached skill level 13 in Axes
 11791 | Lair:4   | 11791 ||| INVOKING Heroism.
 11864 | Lair:4   | 11864 ||| INVOKING Heroism.
 11868 | Lair:4   | Reached skill level 3 in Throwing
 11902 | Lair:4   | 11902 ||| INVOKING Heroism.
 11933 | Lair:4   | 11933 ||| READING scroll of enchant weapon.
 11933 | Lair:4   | 11933 ||| ENCHANTING +1 war axe of freezing.
 11957 | Lair:4   | 11957 ||| Stepping ~*~*~tactically~*~*~ (stealth).
 12034 | Lair:4   | 12034 ||| INVOKING Heroism.
 12041 | Lair:4   | Reached XP level 13. HP: 82/82 MP: 18/20
 12148 | Lair:4   | 12148 ||| Stepping ~*~*~tactically~*~*~ (stealth).
 12151 | Lair:4   | Found a sacrificial altar of Ru.
 12239 | Lair:4   | Found a staircase to the Slime Pits.
 12599 | Lair:4   | 12599 ||| DROPPING +2 pair of boots.
 12623 | Lair:5   | Entered Level 5 of the Lair of Beasts
 12624 | Lair:5   | 12624 ||| STAIRDANCE
 12631 | Lair:5   | 12631 ||| STAIRDANCE
 12633 | Lair:4   | 12633 ||| INVOKING Heroism.
 12657 | Lair:5   | 12657 ||| INVOKING Finesse.
 12665 | Lair:5   | 12665 ||| Stepping ~*~*~tactically~*~*~ (stealth).
 12667 | Lair:5   | 12667 ||| Stepping ~*~*~tactically~*~*~ (stealth).
 12686 | Lair:5   | 12686 ||| Stepping ~*~*~tactically~*~*~ (stealth).
 12706 | Lair:5   | Identified the +9 ring mail of True Grit {+Inv rElec}
                  | (Okawaru gifted it to you on level 5 of the Lair of Beasts)
 12706 | Lair:5   | Received a gift from Okawaru
 12707 | Lair:5   | Reached skill level 14 in Axes
 12726 | Lair:5   | 12726 ||| INVOKING Finesse.
 12729 | Lair:5   | 12729 ||| INVOKING Heroism.
 12733 | Lair:5   | 12733 ||| SWAPPING to +0 morningstar of protection.
 12757 | Lair:5   | 12757 ||| SWAPPING to +2 war axe of freezing.
 12806 | Lair:5   | 12806 ||| Stepping ~*~*~tactically~*~*~ (stealth).
 12807 | Lair:5   | 12807 ||| Stepping ~*~*~tactically~*~*~ (stealth).
 12809 | Lair:5   | 12809 ||| INVOKING Heroism.
 12974 | Lair:5   | 12974 ||| INVOKING Heroism.
 12975 | Lair:5   | 12975 ||| INVOKING Finesse.
 12984 | Lair:5   | 12984 ||| SWAPPING to +0 morningstar of protection.
 12989 | Lair:5   | 12989 ||| SWAPPING to +2 war axe of freezing.
 13147 | Lair:5   | 13147 ||| READING scroll of enchant armour.
 13147 | Lair:5   | 13147 ||| ENCHANTING +0 helmet.
 13159 | Lair:5   | 13159 ||| INVOKING Heroism.
 13185 | Lair:5   | 13185 ||| INVOKING Finesse.
 13189 | Lair:5   | 13189 ||| SWAPPING to +0 morningstar of protection.
 13195 | Lair:5   | 13195 ||| SWAPPING to +2 war axe of freezing.
 13267 | Lair:5   | 13267 ||| INVOKING Heroism.
 13278 | Lair:5   | 13278 ||| INVOKING Finesse.
 13281 | Lair:5   | HP: 15/84 [boulder beetle (21)]
 13282 | Lair:5   | 13282 ||| READING 12 scrolls of teleportation.
 13282 | Lair:5   | HP: 4/84 [boulder beetle (12)]
 13283 | Lair:5   | 13283 ||| DRINKING potion of heal wounds.
 13359 | Lair:5   | 13359 ||| FLEEEEING.
 13360 | Lair:5   | 13360 ||| FLEEEEING.
 13361 | Lair:5   | 13361 ||| FLEEEEING.
 13362 | Lair:5   | 13362 ||| FLEEEEING.
 13363 | Lair:5   | 13363 ||| FLEEEEING.
 13364 | Lair:5   | 13364 ||| FLEEEEING.
 13365 | Lair:5   | 13365 ||| FLEEEEING.
 13366 | Lair:5   | 13366 ||| FLEEEEING.
 13367 | Lair:5   | 13367 ||| FLEEEEING.
 13368 | Lair:5   | 13368 ||| FLEEEEING.
 13369 | Lair:5   | 13369 ||| FLEEEEING.
 13370 | Lair:5   | 13370 ||| FLEEEEING.
 13372 | Lair:5   | 13372 ||| FLEEEEING.
 13373 | Lair:5   | 13373 ||| FLEEEEING.
 13374 | Lair:5   | 13374 ||| FLEEEEING.
 13375 | Lair:5   | 13375 ||| INVOKING Heroism.
 13439 | Lair:5   | 13439 ||| Stepping ~*~*~tactically~*~*~ (stealth).
 13448 | Lair:5   | 13448 ||| Stepping ~*~*~tactically~*~*~ (stealth).
 13449 | Lair:5   | 13449 ||| Stepping ~*~*~tactically~*~*~ (stealth).
 13450 | Lair:5   | 13450 ||| Stepping ~*~*~tactically~*~*~ (stealth).
 13467 | Lair:5   | 13467 ||| FLEEEEING.
 13471 | Lair:5   | 13471 ||| STAIRDANCE
 13593 | Lair:5   | 13593 ||| Stepping ~*~*~tactically~*~*~ (stealth).
 13595 | Lair:5   | 13595 ||| Stepping ~*~*~tactically~*~*~ (stealth).
 13602 | Lair:5   | 13602 ||| INVOKING Heroism.
 13850 | Lair:5   | 13850 ||| Stepping ~*~*~tactically~*~*~ (stealth).
 13852 | Lair:5   | 13852 ||| INVOKING Heroism.
 13854 | Lair:5   | 13854 ||| Stepping ~*~*~tactically~*~*~ (stealth).
 13856 | Lair:5   | 13856 ||| INVOKING Finesse.
 13857 | Lair:5   | 13857 ||| Stepping ~*~*~tactically~*~*~ (stealth).
 13869 | Lair:5   | Reached skill level 15 in Axes
 14017 | Lair:5   | 14017 ||| INVOKING Heroism.
 14018 | Lair:5   | 14018 ||| INVOKING Finesse.
 14024 | Lair:5   | Identified the +0 pair of boots of Disappointment {Rampage
                  | Dex+3} (Okawaru gifted it to you on level 5 of the Lair of
                  | Beasts)
 14024 | Lair:5   | Received a gift from Okawaru
 14025 | Lair:5   | Gained mutation: Your large and strong wings let you fly.
                  | [Gargoyle growth]
 14025 | Lair:5   | Reached XP level 14. HP: 80/90 MP: 13/21
 14070 | Lair:5   | 14070 ||| Stepping ~*~*~tactically~*~*~ (stealth).
 14072 | Lair:5   | 14072 ||| Stepping ~*~*~tactically~*~*~ (stealth).
 14074 | Lair:5   | 14074 ||| Stepping ~*~*~tactically~*~*~ (stealth).
 14076 | Lair:5   | 14076 ||| Stepping ~*~*~tactically~*~*~ (stealth).
 14078 | Lair:5   | 14078 ||| Stepping ~*~*~tactically~*~*~ (stealth).
 14080 | Lair:5   | 14080 ||| Stepping ~*~*~tactically~*~*~ (stealth).
 14082 | Lair:5   | 14082 ||| Stepping ~*~*~tactically~*~*~ (stealth).
 14084 | Lair:5   | 14084 ||| Stepping ~*~*~tactically~*~*~ (stealth).
 14087 | Lair:5   | 14087 ||| Stepping ~*~*~tactically~*~*~ (stealth).
 14095 | Lair:5   | 14095 ||| INVOKING Heroism.
 14096 | Lair:5   | 14096 ||| Stepping ~*~*~tactically~*~*~ (stealth).
 14098 | Lair:5   | 14098 ||| INVOKING Finesse.
 14162 | Lair:5   | 14162 ||| INVOKING Heroism.
 14163 | Lair:5   | 14163 ||| INVOKING Finesse.
 14173 | Lair:5   | Reached skill level 12 in Fighting
 14340 | Lair:5   | 14340 ||| INVOKING Heroism.
 14345 | Lair:5   | 14345 ||| Stepping ~*~*~tactically~*~*~ (stealth).
 14364 | Lair:5   | 14364 ||| Stepping ~*~*~tactically~*~*~ (stealth).
 14365 | Lair:5   | 14365 ||| Stepping ~*~*~tactically~*~*~ (stealth).
 14366 | Lair:5   | 14366 ||| Stepping ~*~*~tactically~*~*~ (stealth).
 14367 | Lair:5   | 14367 ||| Stepping ~*~*~tactically~*~*~ (stealth).
 14368 | Lair:5   | 14368 ||| Stepping ~*~*~tactically~*~*~ (stealth).
 14369 | Lair:5   | 14369 ||| Stepping ~*~*~tactically~*~*~ (stealth).
 14370 | Lair:5   | 14370 ||| Stepping ~*~*~tactically~*~*~ (stealth).
 14371 | Lair:5   | 14371 ||| Stepping ~*~*~tactically~*~*~ (stealth).
 14582 | Lair:5   | 14582 ||| PLANNING D:1-11
 14582 | Lair:5   | 14582 ||| UPGRADING to +0 pair of gloves.
 14587 | Lair:5   | 14587 ||| DROPPING +0 pair of boots of Disappointment
                  | {Rampage Dex+3}.
 14588 | Lair:5   | 14588 ||| READING 6 scrolls of identify.
 14588 | Lair:5   | 14588 ||| IDENTIFYING sedimented sapphire potion
 14633 | Lair:4   | 14633 ||| Stepping ~*~*~tactically~*~*~ (stealth).
 14634 | Lair:4   | 14634 ||| Stepping ~*~*~tactically~*~*~ (stealth).
 14635 | Lair:4   | 14635 ||| Stepping ~*~*~tactically~*~*~ (stealth).
 14636 | Lair:4   | 14636 ||| Stepping ~*~*~tactically~*~*~ (stealth).
 14640 | Lair:4   | 14640 ||| Stepping ~*~*~tactically~*~*~ (stealth).
 14652 | Lair:4   | 14652 ||| Stepping ~*~*~tactically~*~*~ (stealth).
 14752 | D:9      | 14752 ||| Stepping ~*~*~tactically~*~*~ (stealth).
 14754 | D:9      | 14754 ||| Stepping ~*~*~tactically~*~*~ (stealth).
 14766 | D:9      | 14766 ||| Stepping ~*~*~tactically~*~*~ (stealth).
 14768 | D:9      | 14768 ||| Stepping ~*~*~tactically~*~*~ (stealth).
 14770 | D:9      | 14770 ||| Stepping ~*~*~tactically~*~*~ (stealth).
 14772 | D:9      | 14772 ||| Stepping ~*~*~tactically~*~*~ (stealth).
 14774 | D:9      | 14774 ||| Stepping ~*~*~tactically~*~*~ (stealth).
 14776 | D:9      | 14776 ||| Stepping ~*~*~tactically~*~*~ (stealth).
 14778 | D:9      | 14778 ||| Stepping ~*~*~tactically~*~*~ (stealth).
 14789 | D:9      | 14789 ||| Stepping ~*~*~tactically~*~*~ (stealth).
 14793 | D:9      | 14793 ||| Stepping ~*~*~tactically~*~*~ (stealth).
 14852 | D:9      | 14852 ||| Stepping ~*~*~tactically~*~*~ (stealth).
 14854 | D:9      | 14854 ||| Stepping ~*~*~tactically~*~*~ (stealth).
 14856 | D:9      | 14856 ||| Stepping ~*~*~tactically~*~*~ (stealth).
 14928 | D:9      | 14928 ||| Stepping ~*~*~tactically~*~*~ (hiding).
 14971 | D:9      | 14971 ||| READING scroll of enchant weapon.
 14971 | D:9      | 14971 ||| ENCHANTING +2 war axe of freezing.
 15210 | D:9      | Found Robb's Assorted Antiques.
 15219 | D:9      | 15219 ||| BUYING agate ring (170 gold).
 15219 | D:9      | Bought an agate ring for 170 gold pieces
 15219 | D:9      | 15219 ||| BUYING fine plate armour (952 gold).
 15219 | D:9      | Bought a fine plate armour for 952 gold pieces
 15219 | D:9      | Identified the +1 plate armour of the Yeti {*Slow rElec
                  | rF+++ Str-2} (You bought it in a shop on level 9 of the
                  | Dungeon)
 15219 | D:9      | 15219 ||| BUYING potion of curing (102 gold).
 15219 | D:9      | Bought a potion of curing for 102 gold pieces
 15219 | D:9      | 15219 ||| BUYING potion of curing (102 gold).
 15219 | D:9      | Bought a potion of curing for 102 gold pieces
 15219 | D:9      | 15219 ||| SHOPLISTING potion of resistance (340 gold, have
                  | 199).
 15235 | D:9      | 15235 ||| Stepping ~*~*~tactically~*~*~ (hiding).
 15337 | D:9      | 15337 ||| Stepping ~*~*~tactically~*~*~ (cloud).
 15344 | D:9      | 15344 ||| Stepping ~*~*~tactically~*~*~ (cloud).
 15446 | D:9      | 15446 ||| Stepping ~*~*~tactically~*~*~ (hiding).
 15548 | D:9      | 15548 ||| Stepping ~*~*~tactically~*~*~ (hiding).
 15813 | D:9      | 15813 ||| UPGRADING to +1 plate armour of the Yeti {*Slow
                  | rElec rF+++ Str-2}.
 15823 | D:9      | 15823 ||| UPGRADING to ring of ice.
 15824 | D:9      | 15824 ||| READING scroll labelled KILOEF TAIR.
 15880 | D:9      | 15880 ||| DRINKING 2 puce potions.
 15881 | D:9      | 15881 ||| READING 6 scrolls of identify.
 15881 | D:9      | 15881 ||| IDENTIFYING sedimented red potion
 15893 | D:10     | Entered Level 10 of the Dungeon
 15938 | D:10     | 15938 ||| INVOKING Heroism.
 16088 | D:10     | 16088 ||| FLEEEEING.
 16089 | D:10     | 16089 ||| FLEEEEING.
 16090 | D:10     | 16090 ||| FLEEEEING.
 16091 | D:10     | 16091 ||| FLEEEEING.
 16092 | D:10     | 16092 ||| FLEEEEING.
 16093 | D:10     | 16093 ||| FLEEEEING.
 16094 | D:10     | 16094 ||| FLEEEEING.
 16095 | D:10     | 16095 ||| FLEEEEING.
 16096 | D:10     | 16096 ||| FLEEEEING.
 16097 | D:10     | 16097 ||| FLEEEEING.
 16098 | D:10     | 16098 ||| FLEEEEING.
 16099 | D:10     | 16099 ||| FLEEEEING.
 16100 | D:10     | 16100 ||| FLEEEEING.
 16101 | D:10     | 16101 ||| FLEEEEING.
 16421 | D:10     | 16421 ||| READING scroll of enchant weapon.
 16421 | D:10     | 16421 ||| ENCHANTING +3 war axe of freezing.
 16474 | D:10     | 16474 ||| Stepping ~*~*~tactically~*~*~ (stealth).
 16481 | D:10     | 16481 ||| INVOKING Heroism.
 16633 | D:10     | 16633 ||| Stepping ~*~*~tactically~*~*~ (hiding).
 16697 | D:10     | 16697 ||| Stepping ~*~*~tactically~*~*~ (stealth).
 16707 | D:10     | 16707 ||| INVOKING Heroism.
 16714 | D:10     | 16714 ||| Stepping ~*~*~tactically~*~*~ (hiding).
 16729 | D:10     | 16729 ||| Stepping ~*~*~tactically~*~*~ (hiding).
 16736 | D:10     | 16736 ||| Stepping ~*~*~tactically~*~*~ (hiding).
 16739 | D:10     | 16739 ||| Stepping ~*~*~tactically~*~*~ (hiding).
 16763 | D:10     | 16763 ||| Stepping ~*~*~tactically~*~*~ (stealth).
 16767 | D:10     | 16767 ||| INVOKING Heroism.
 16816 | D:11     | 16816 ||| Stepping ~*~*~tactically~*~*~ (hiding).
 16819 | D:11     | 16819 ||| STAIRDANCE
 16899 | D:11     | Noticed Lodul
 16902 | D:11     | 16902 ||| INVOKING Heroism.
 16906 | D:11     | Killed Lodul
 17101 | D:11     | Noticed Urug
 17102 | D:11     | 17102 ||| INVOKING Heroism.
 17110 | D:11     | Killed Urug
 17185 | D:11     | Noticed Psyche
 17203 | D:11     | Killed Psyche
 17248 | D:11     | You are sucked into a shaft and drop 2 floors!
 17440 | D:12     | Found a portal to a secret trove of treasure.
 17441 | D:12     | Found Mumo Puguu's Antique Weapon Emporium.
 17499 | D:12     | Found a stormy altar of Qazlal.
 17511 | D:12     | 17511 ||| Stepping ~*~*~tactically~*~*~ (hiding).
 17589 | D:12     | 17589 ||| INVOKING Heroism.
 17606 | D:12     | 17606 ||| Stepping ~*~*~tactically~*~*~ (hiding).
 17837 | D:11     | 17837 ||| READING scroll of enchant armour.
 17837 | D:11     | 17837 ||| ENCHANTING +0 pair of gloves.
 18285 | D:11     | 18285 ||| Stepping ~*~*~tactically~*~*~ (stealth).
 18297 | D:11     | 18297 ||| Stepping ~*~*~tactically~*~*~ (stealth).
 18304 | D:11     | 18304 ||| Stepping ~*~*~tactically~*~*~ (stealth).
 18737 | D:11     | 18737 ||| PLANNING D
 19023 | D:12     | 19023 ||| Stepping ~*~*~tactically~*~*~ (stealth).
 19026 | D:12     | 19026 ||| Stepping ~*~*~tactically~*~*~ (stealth).
 19029 | D:12     | 19029 ||| Stepping ~*~*~tactically~*~*~ (stealth).
 19034 | D:12     | 19034 ||| INVOKING Heroism.
 19129 | D:12     | 19129 ||| INVOKING Heroism.
 19131 | D:12     | 19131 ||| Stepping ~*~*~tactically~*~*~ (stealth).
 19241 | D:12     | 19241 ||| INVOKING Heroism.
 19288 | D:12     | Found a staircase to the Orcish Mines.
 19366 | D:13     | Noticed Sonja
 19385 | D:13     | Noticed Jorgrun
 19386 | D:13     | 19386 ||| Stepping ~*~*~tactically~*~*~ (hiding).
 19389 | D:13     | 19389 ||| INVOKING Heroism.
 19396 | D:13     | Killed Sonja
 19399 | D:13     | Reached skill level 16 in Axes
 19405 | D:13     | Killed Jorgrun
 19405 | D:13     | Received a gift from Okawaru
 19456 | D:13     | 19456 ||| Stepping ~*~*~tactically~*~*~ (stealth).
 19458 | D:13     | 19458 ||| Stepping ~*~*~tactically~*~*~ (hiding).
 19475 | D:13     | 19475 ||| Stepping ~*~*~tactically~*~*~ (stealth).
 19489 | D:13     | 19489 ||| Stepping ~*~*~tactically~*~*~ (stealth).
 19490 | D:13     | 19490 ||| Stepping ~*~*~tactically~*~*~ (stealth).
 19601 | D:13     | Identified the +5 spear of Inquiry {flame, rF- Dex+6}
 19662 | D:13     | 19662 ||| Stepping ~*~*~tactically~*~*~ (stealth).
 19664 | D:13     | 19664 ||| Stepping ~*~*~tactically~*~*~ (stealth).
 20044 | D:13     | 20044 ||| UPGRADING to +2 pair of gloves.
 20054 | D:13     | 20054 ||| DROPPING +1 pair of gloves.
 20122 | D:14     | 20122 ||| INVOKING Heroism.
 20175 | D:14     | Noticed Azrael
 20176 | D:14     | 20176 ||| INVOKING Heroism.
 20194 | D:14     | Killed Azrael
 20195 | D:14     | Reached skill level 12 in Armour
 20195 | D:14     | Reached XP level 15. HP: 65/96 MP: 22/22
 20212 | D:14     | 20212 ||| Stepping ~*~*~tactically~*~*~ (hiding).
 20215 | D:14     | HP: 18/96 [meliai/divine providence (12)]
 20216 | D:14     | 20216 ||| READING 12 scrolls of teleportation.
 20216 | D:14     | Paralysed by a meliai for 5 turns
 20217 | D:14     | Killed from afar by a meliai

Levels and vault maps discovered:
D:1:      erik_arrival_triangle_large, layout_loops_ring,
          ebering_dispersal_statue_hall
D:2:      layout_basic, minmay_strange_pillars
D:3:      layout_basic
D:4:      layout_basic, vehumet_altar_wand_db, nicolae_eternal_life,
          minmay_tree_intersection, st_stairs_12, kennysheep_small_spiral,
          kennysheep_generic_room_2
D:5:      nicolae_BIG_FREAKIN_CUBE, layout_loops_ring, dk_noncrumbling_4,
          minmay_quadrilaterals, uniq_eustachio, uniq_ijyb
D:6:      minmay_polygon_palace, layout_cave_pools,
          mainiacjoe_overflow_large_starburst, serial_bayou,
          serial_bayou_pond_e, serial_bayou_pond_a, serial_bayou_crossing,
          serial_bayou_shore_b, nicolae_ossuary_entry_monument, serial_shops,
          nicolae_shop_hallway_plus, uniq_menkaure
D:7:      layout_loops_ring, minmay_temple_entry_grid
D:8:      layout_basic, minmay_lair_entry_grove
D:9:      layout_loops_ring, serial_shops, nicolae_square_shop
D:10:     layout_small_grid, special_room [special_room_orc]
D:11:     layout_layer_cave, uniq_psyche, uniq_lodul, uniq_urug
D:12:     layout_basic, david_orc_4, serial_shops, shop_statue, enter_trove_0,
          amcnicky_mini_corridor_feature, grunt_qazlal_clouds
D:13:     layout_loops_ring, dreamdust_looks_like_rain, uniq_sonja, uniq_jorgrun
D:14:     layout_big_octagon, minmay_stone_trees_medium, ashenzari_altar_1,
          uniq_roxanne, uniq_azrael
Temple:   hellmonk_temple_divided_pantheon
Lair:1:   layout_chaotic_city, gammafunk_ghost_necromancy,
          chequers_serial_rivers_large_b, nicolae_lair_lil_pond,
          infiniplex_staircase_pool, grunt_megastairs_4, serial_bayou_shore_b,
          uniq_erica, uniq_harold
Lair:2:   layout_gridlike, enter_volcano_2, lemuel_fruit_tree
Lair:3:   layout_cave_pods, minmay_shoals_entry_beasts,
          nicolae_spider_entry_orb_guardian, uniq_fannar
Lair:4:   layout_regular_city, slime_entry_1, basic_altar
Lair:5:   evilmike_catoblepas_cave, layout_hall_layers, wad_woods_river_03

Skill      XL: |  1  2  3  4  5  6  7  8  9 10 11 12 13 14 |
---------------+-------------------------------------------+-----
Axes           | 2 3 4 5 6 7 8 10 11 12 13 15 16 | 16.0
Fighting       | 4 6 7 8 9 10 11 12 | 12.1
Armour         | 4 5 6 7 9 10 12 | 12.0
Dodging        | 1 2 |  2.9
Shields        | 4 5 6 7 8 |  8.0
Throwing       | 2 3 5 |  5.0
Invocations    | 4 7 10 | 10.0

Action                   |  1- 3 |  4- 6 |  7- 9 | 10-12 | 13-15 || total
-------------------------+-------+-------+-------+-------+-------++-------
Melee: War axe           |    93 |   154 |   328 |   467 |   742 ||  1784
       Morningstar       |       |       |       |    31 |    24 ||    55
Throw: Boomerang         |       |    30 |    46 |   106 |   109 ||   291
       Javelin           |       |       |       |       |    51 ||    51
Invok: Heroism           |       |       |       |    30 |    26 ||    56
       Finesse           |       |       |       |     5 |     9 ||    14
  Use: Scroll            |     6 |     5 |     6 |     5 |     9 ||    31
       Potion            |     1 |     2 |     4 |     3 |     2 ||    12
 Stab: Invisible         |     1 |       |       |       |       ||     1
       Sleeping          |       |       |       |     1 |       ||     1
Armor: Scale mail        |    32 |     7 |       |       |       ||    39
       Chain mail        |       |    47 |       |       |       ||    47
       Plate armour      |       |    33 |   259 |   209 |   183 ||   684
       Shadow dragon sca |       |       |       |    50 |   135 ||   185
Dodge: Dodged            |    36 |    48 |    95 |   118 |   125 ||   422
Block: Buckler           |    19 |    48 |   133 |   229 |   239 ||   668
       Reflection        |       |       |     4 |     2 |    12 ||    18

Table legend:
 A = Non-vault XP
 B = Vault XP
 C = Vault XP percentage of total XP
 D = Non-vault monster count
 E = Vault monster count
 F = Vault count percentage of total count
                 A         B        C        D         E       F
            +---------+---------+-------+---------+---------+-------
      Total |   61204 |   27371 |  30.9 |     381 |     167 |  30.5
            +---------+---------+-------+---------+---------+-------
        D:1 |      30 |       0 |   0.0 |      16 |       0 |   0.0
        D:2 |      50 |       0 |   0.0 |      22 |       0 |   0.0
        D:3 |      55 |       7 |  11.3 |      18 |       3 |  14.3
        D:4 |     207 |     100 |  32.6 |      21 |       3 |  12.5
        D:5 |     597 |     285 |  32.3 |      25 |       6 |  19.4
        D:6 |     388 |    1127 |  74.4 |       6 |      19 |  76.0
        D:7 |    1777 |       0 |   0.0 |      27 |       0 |   0.0
        D:8 |    1848 |    1944 |  51.3 |      22 |      12 |  35.3
        D:9 |    2162 |       0 |   0.0 |      17 |       0 |   0.0
       D:10 |    1654 |     517 |  23.8 |      11 |      26 |  70.3
       D:11 |    2141 |    2738 |  56.1 |      16 |      10 |  38.5
       D:12 |    5844 |     666 |  10.2 |      29 |      17 |  37.0
       D:13 |    4714 |    3281 |  41.0 |      11 |       6 |  35.3
       D:14 |    2901 |    1989 |  40.7 |       7 |       6 |  46.2
     Lair:1 |    2820 |    1141 |  28.8 |      15 |       2 |  11.8
     Lair:2 |   10263 |     868 |   7.8 |      49 |       1 |   2.0
     Lair:3 |    4066 |    2360 |  36.7 |      17 |       4 |  19.0
     Lair:4 |    3432 |       0 |   0.0 |      11 |       0 |   0.0
     Lair:5 |   16255 |    9713 |  37.4 |      41 |      23 |  35.9
    Ossuary |       0 |     635 | 100.0 |       0 |      29 | 100.0
            +---------+---------+-------+---------+---------+-------
